 Dungeon Crawl Stone Soup version 0.29.0-13-gc9e81de378 (webtiles) character file.

Game seed: 13472929122492052776

47 sanka the Poker (level 3, -1/29 HPs)
             Began as a Merfolk Abyssal Knight on Sept 10, 2022.
             Was a Believer of Lugonu.
             Killed from afar by Natasha (3 damage)
             ... with a magic dart
             ... on level 2 of the Dungeon.
             The game lasted 00:01:27 (1075 turns).

sanka the Poker (Merfolk Abyssal Knight)            Turns: 1075, Time: 00:01:28

Health: -1/29      AC:  3    Str: 15    XL:     3   Next: 70%
Magic:  5/5        EV: 13    Int:  9    God:    Lugonu [**....]
Gold:   138        SH:  0    Dex: 20    Spells: 2/2 levels left

rFire   . . .      SeeInvis .   a - +1 spear
rCold   . . .      Faith    .   (no shield)
rNeg    . . .      Spirit   .   b - +0 leather armour
rPois   .          Reflect  .   (no helmet)
rElec   .          Harm     .   (no cloak)
rCorr   .          Rampage  .   (no gloves)
Will    .....                   (no boots)
Stlth   +.........              (no amulet)
HPRegen 0.09/turn               (no ring)
MPRegen 0.09/turn               c - +6 ring of dexterity

@: mighty
A: (nimble swimmer 2), mertail
a: Renounce Religion, Depart the Abyss, Bend Space


You were on level 2 of the Dungeon.
You worshipped Lugonu.
Lugonu was pleased with you.
You visited 1 branch of the dungeon, and saw 2 of its levels.
You visited the Abyss 1 time.

You collected 138 gold pieces.


Innate Abilities, Weirdness & Mutations

((You are very nimble when in or above water. (Stealth+, EV+, Speed+++)))
Your lower body shifts to a powerful aquatic tail in water.


   Skills:
 - Level 3.2 Fighting
 + Level 4.1 Polearms
 - Level 0.6 Armour
 - Level 2.6 Dodging
 + Level 3.2 Invocations


You had 2 spell levels left.
You didn't know any spells.
Your spell library was empty.

Inventory:

Hand Weapons
 a - a +1 spear (weapon)
Armour
 b - a +0 leather armour (worn)
 d - a +0 helmet
Jewellery
 c - a +6 ring of dexterity (right hand)
Scrolls
 f - 2 scrolls of identify {unknown}
Potions
 e - a potion of mutation {unknown}
 g - 2 potions of heal wounds {unknown}
 h - a potion of curing {unknown}
 i - a potion of might

Dungeon Overview and Level Annotations

Branches:
Dungeon (2/15)

Altars:

Shops:
D:1 ?

Annotations:
D:2 Natasha

.. ▒.▒ ....▒.▒ ... .....
...... .. ▒.▒.▒▒ ..▒.▒ ▒
▒. ▒.▒.. .......
▒▒▒▒▒.▒▒▒▒.▒.. .h▒...▒
▒.......▒▒.▒.▒▒▒▒......▒
▒..........▒.▒▒?..▒
▒..........▒.▒▒.▒▒▒
▒...▒.▒.▒...mh..▒▒▒▒.▒.
▒.....▒.▒..▒.▒.........
▒.......▒..▒.▒..▒▒▒▒.▒.
▒......................
▒......▒▒▒▒▒....▒▒▒▒.▒▒
▒.....▒▒▒............
▒.....▒ ▒.▒▒.▒..▒▒▒▒.
▒.....▒▒▒....▒...▒
▒<....▒▒..▒▒.▒...▒


You could see Natasha.


Message History

Natasha claws you.
You barely miss Natasha.
Natasha is lightly wounded.
Natasha misses you.
You barely miss Natasha.
Natasha is lightly wounded.
Natasha claws you.
* * * LOW HITPOINT WARNING * * *
You hit Natasha.
Natasha is heavily wounded.
Natasha claws you!
* * * LOW HITPOINT WARNING * * *
You closely miss Natasha.
Natasha is heavily wounded.
It was a potion of might.
You feel very mighty all of a sudden.
Natasha extends her claws.
Natasha closely misses you.
You barely miss Natasha.
Natasha is heavily wounded.
Natasha claws you.
* * * LOW HITPOINT WARNING * * *
You puncture Natasha!
Natasha is almost dead.
Natasha barely misses you.
You closely miss Natasha.
Natasha is almost dead.
Natasha casts a spell at you. The magic dart hits you.
You die...

Action                   || total
-------------------------++-------
Melee: Spear             ||    74
       Punch             ||     1
  Use: Potion            ||     1
 Stab: Sleeping          ||     1
Armor: Leather armour    ||     6
Dodge: Dodged            ||    33

Levels and vault maps discovered:
D:1:      kennysheep_arrival_seaside, layout_rooms, serial_shops,
          nicolae_shop_stone, hellmonk_ecumenical_altar_dog_temple
D:2:      layout_basic, uniq_natasha

Notes
Turn   | Place    | Note
-------+----------+-------------------------------------------
     0 | Abyss:1  | sanka the Merfolk Abyssal Knight began the quest for the
                  | Orb.
     0 | Abyss:1  | Reached XP level 1. HP: 18/18 MP: 2/2
     1 | D:1      | Escaped the Abyss
    94 | D:1      | Found Ululom's Magic Scroll Emporium.
   104 | D:1      | Reached skill level 3 in Polearms
   145 | D:1      | Found a faded altar of an unknown god.
   152 | D:1      | Reached XP level 2. HP: 24/24 MP: 3/3
   812 | D:2      | Noticed Natasha
   827 | D:2      | Killed Natasha
   828 | D:2      | Reached skill level 4 in Polearms
   828 | D:2      | Reached skill level 3 in Invocations
   828 | D:2      | Reached XP level 3. HP: 7/29 MP: 5/5
   857 | D:2      | Noticed Natasha
  1073 | D:2      | HP: 2/29 [Natasha (3)]
  1075 | D:2      | Killed from afar by Natasha

Vanquished Creatures
  Natasha (D:2)
  An endoplasm (D:1)
  A giant cockroach (D:1)
  4 goblins
  A hobgoblin (D:1)
  3 jackals (D:1)
  A kobold (D:1)
  A quokka (D:1)
  4 ball pythons (D:1)
  A bat (D:1)
  3 rats
21 creatures vanquished.
